 Dungeon Crawl Stone Soup version 0.31.0-11-ge490571c62 (webtiles) character file.

Game seed: 14639783730265202403

249 qw the Skirmisher (level 5, -7/30 HPs)
             Began as a Deep Elf Hunter on Feb 4, 2024.
             Mangled by a yak (12 damage)
             ... on level 4 of the Dungeon.
             The game lasted 00:00:11 (2353 turns).

qw the Skirmisher (Deep Elf Hunter)                 Turns: 2353, Time: 00:00:11

Health: -7/30      AC:  6    Str: 10    XL:     5   Next: 87%
Magic:  7/7        EV: 11    Int: 14    God:
Gold:   97         SH:  0    Dex: 18    Spells: 4/4 levels left

rFire   . . .        a - +2 shortbow
rCold   . . .        (shield currently unavailable)
rNeg    . . .        h - +1 ring mail
rPois   .            (no helmet)
rElec   .            (no cloak)
rCorr   .            (no gloves)
SInv    .            (no boots)
Will    .....        i - amulet of the acrobat
Stlth   +            (no ring)
HPRegen 0.25/turn    (no ring)
MPRegen 0.10/turn

%: acrobat
@: no status effects
A: no striking features
a: no special abilities


You were on level 4 of the Dungeon.
You visited 1 branch of the dungeon, and saw 4 of its levels.

You collected 121 gold pieces.
You spent 24 gold pieces at shops.


   Skills:
 - Level 2.1 Fighting
 + Level 9.2 Ranged Weapons
 - Level 2.4 Dodging
 - Level 1.2 Stealth


You had 4 spell levels left.
You didn't know any spells.
Your spell library was empty.

Inventory:

Hand Weapons
 a - a +2 shortbow (weapon)
Armour
 h - a +1 ring mail (worn)
Jewellery
 i - an amulet of the acrobat (around neck)
 k - an amulet of guardian spirit
Wands
 l - a wand of roots (4)
Potions
 b - a potion of brilliance {unknown}
 c - a potion of resistance {unknown}
 d - a potion of heal wounds {unknown}
 f - a potion of curing {unknown}
 g - a potion of lignification {unknown}
 j - a potion of invisibility {unknown}

Dungeon Overview and Level Annotations

Branches:
Dungeon (4/15)
 Temple: D:4-7

Altars:
Wu Jian

Shops:
D:1 *!*

Annotations:
D:3 2 transporters, qw's ghost, amateur SpHu


Message History

The orc priest closely misses you.
You shoot an arrow. The yak bellows!
The arrow hits the orc priest.
The orc priest is moderately wounded.
The orc priest misses you.
You shoot an arrow. The arrow hits the orc priest.
The orc priest is heavily wounded.
The orc priest hits you with a +0 short sword.
You shoot an arrow.
The arrow completely misses the orc priest.
The arrow barely misses the orc priest.
You shoot an arrow. The arrow hits the orc priest.
The orc priest is severely wounded.
The orc priest looks braver for a moment.
You shoot an arrow.
The arrow closely misses the orc priest.
The arrow barely misses the orc priest.
The orc priest mumbles some strange prayers to Beogh against you.
You struggle to resist.
You shoot an arrow. The arrow hits the orc!
You kill the orc!
You hear some strange, mumbled words.
A magic dart appears from out of thin air!
The magic dart hits you but does no damage.
You shoot an arrow. The arrow hits the orc priest!
You kill the orc priest!
The orc priest casts a cantrip, but nothing happens.
You hear some strange, mumbled words.
A puff of flame appears from out of thin air!
The puff of flame hits you.
Your Fighting skill increases to level 2!
You shoot an arrow.
The orc priest casts a cantrip, but nothing happens.
Something hits you but does no damage.
You shoot an arrow.
Reactivating autopickup.
You feel a bit more experienced. The yak gores you!
You die...

... ........#..#.....
..#.###.. #...##.......
....#.#..##....#......<
.......##....##......?
#....................
#.................... ...
##...o...............
#.....#..##YY.............#
#.....#..#@#....%.........#
...........#..............#
##.............).......##.. #
##.......................##.
..#......##....##........#####
...............)...##.....##
................%..###.....#
#.............).........#..#
#.............##........#..#


You could see 2 yaks and an orc priest.

Vanquished Creatures
  A scorpion (D:4)
  A bombardier beetle (D:4)
  An orc priest (D:4)
  An orc wizard (D:4)
  3 adders
  3 dart slugs
  6 orcs
  5 bats
  9 endoplasms
  5 giant cockroaches
  8 goblins
  8 hobgoblins
  5 kobolds
  7 quokkas
  8 ball pythons
  5 frilled lizards
  4 rats
80 creatures vanquished.

Notes
Turn   | Place    | Note
-------+----------+-------------------------------------------
     0 | D:1      | qw the Deep Elf Hunter began the quest for the Orb.
     0 | D:1      | Reached XP level 1. HP: 12/12 MP: 3/3
     0 | D:1      | 0 ||| qw: Version: 0.3-a-160-g6735b56
     0 | D:1      | 0 ||| qw: Game counter: 4361
     0 | D:1      | 0 ||| qw: Melee chars always use a shield: true
     0 | D:1      | 0 ||| qw: God list: Okawaru
     0 | D:1      | 0 ||| qw: Allow faded altars: false
     0 | D:1      | 0 ||| qw: Do Orc after clearing Dungeon:15 true
     0 | D:1      | 0 ||| qw: Do second Lair branch before Depths: true
     0 | D:1      | 0 ||| qw: Lair rune preference: random
     0 | D:1      | 0 ||| qw: Goals: Normal
     0 | D:1      | 0 ||| PLANNING D:1-11
    23 | D:1      | Found a faded altar of an unknown god.
   173 | D:1      | Reached XP level 2. HP: 16/16 MP: 4/4
   212 | D:1      | Reached skill level 6 in Ranged Weapons
   219 | D:1      | Found Yceraov's Distillery.
   225 | D:1      | 225 ||| SHOPLISTING potion of curing (36 gold, have 26).
   225 | D:1      | 225 ||| SHOPLISTING potion of heal wounds (60 gold, have
                  | 26).
   237 | D:1      | Found Zop Socesk's Assorted Antiques.
   250 | D:1      | 250 ||| SHOPLISTING 2 fizzy purple potions (55 gold, have
                  | 26).
   250 | D:1      | 250 ||| SHOPLISTING gluggy clear potion (27 gold, have 26).
   250 | D:1      | 250 ||| SHOPLISTING runed gold wand (124 gold, have 26).
   250 | D:1      | 250 ||| SHOPLISTING scroll labelled LOUQ CADOSOTENG (31
                  | gold, have 26).
   250 | D:1      | 250 ||| SHOPLISTING scroll labelled NIAKLYTSOBA (31 gold,
                  | have 26).
   250 | D:1      | 250 ||| SHOPLISTING scroll labelled POAGAN GINUKKECO (31
                  | gold, have 26).
   250 | D:1      | 250 ||| SHOPLISTING scroll labelled QUSTRU KAMUY (31 gold,
                  | have 26).
   315 | D:1      | Found Ciblurhu's Assorted Antiques.
   325 | D:1      | 325 ||| BUYING clear potion (24 gold).
   325 | D:1      | Bought a clear potion for 24 gold pieces
   325 | D:1      | 325 ||| SHOPLISTING fizzy inky potion (24 gold, have 13).
   325 | D:1      | 325 ||| SHOPLISTING runed copper wand (108 gold, have 13).
   325 | D:1      | 325 ||| SHOPLISTING scroll labelled MUBREF OPH (27 gold,
                  | have 13).
   325 | D:1      | 325 ||| SHOPLISTING scroll labelled PEUL QAMEOSA (27 gold,
                  | have 13).
   325 | D:1      | 325 ||| SHOPLISTING scroll labelled QUSTRU KAMUY (27 gold,
                  | have 13).
   460 | D:1      | Reached XP level 3. HP: 20/20 MP: 5/5
   828 | D:1      | Found Ishreor's Jewellery Boutique.
   892 | D:1      | 892 ||| UPGRADING to +0 ring mail.
   902 | D:1      | 902 ||| DROPPING +0 leather armour.
   903 | D:1      | 903 ||| READING scroll labelled POAGAN GINUKKECO.
   904 | D:1      | 904 ||| READING 2 scrolls labelled OMAUCETOTT.
   904 | D:1      | 904 ||| ENCHANTING +0 shortbow.
   905 | D:1      | 905 ||| READING scroll of enchant weapon.
   905 | D:1      | 905 ||| ENCHANTING +1 shortbow.
   906 | D:1      | 906 ||| READING scroll labelled NUSHRA ZEUWK.
   906 | D:1      | 906 ||| ENCHANTING +0 ring mail.
   907 | D:1      | 907 ||| DROPPING scroll of butterflies.
  1165 | D:2      | Reached skill level 7 in Ranged Weapons
  1225 | D:2      | Reached XP level 4. HP: 25/25 MP: 6/6
  1737 | D:2      | 1737 ||| UPGRADING to amulet of the acrobat.
  1742 | D:2      | 1742 ||| READING scroll labelled SYCIAWN RORA.
  1743 | D:2      | 1743 ||| READING 2 scrolls labelled RITWAAMEAFF.
  1744 | D:2      | 1744 ||| DROPPING scroll of blinking.
  1845 | D:3      | Noticed qw's ghost (amateur SpHu)
  1860 | D:3      | Reached skill level 8 in Ranged Weapons
  1938 | D:3      | Found a transporter.
  2054 | D:3      | Found a transporter.
  2087 | D:3      | Found an ornate altar of the Wu Jian Council.
  2233 | D:3      | 2233 ||| READING scroll labelled IWNIKOSSAPT.
  2292 | D:4      | Reached XP level 5. HP: 29/29 MP: 7/7
  2309 | D:4      | Reached skill level 9 in Ranged Weapons
  2322 | D:4      | Noticed a yak
  2324 | D:4      | Noticed a yak
  2325 | D:4      | Noticed a yak
  2326 | D:4      | 2326 ||| RETREEEEATING.
  2327 | D:4      | 2327 ||| RETREEEEATING.
  2328 | D:4      | 2328 ||| RETREEEEATING.
  2329 | D:4      | 2329 ||| RETREEEEATING.
  2331 | D:4      | 2331 ||| RETREEEEATING.
  2332 | D:4      | 2332 ||| RETREEEEATING.
  2333 | D:4      | 2333 ||| RETREEEEATING.
  2334 | D:4      | 2334 ||| RETREEEEATING.
  2335 | D:4      | 2335 ||| RETREEEEATING.
  2336 | D:4      | 2336 ||| RETREEEEATING.
  2336 | D:4      | HP: 7/29 [yak (13)]
  2337 | D:4      | 2337 ||| RETREEEEATING.
  2338 | D:4      | 2338 ||| RETREEEEATING.
  2339 | D:4      | 2339 ||| RETREEEEATING.
  2340 | D:4      | 2340 ||| RETREEEEATING.
  2341 | D:4      | 2341 ||| RETREEEEATING.
  2342 | D:4      | 2342 ||| RETREEEEATING.
  2346 | D:4      | HP: 6/29 [orc priest/+0 short sword (3)]
  2351 | D:4      | HP: 5/29 [something/puff of flame (3)]
  2353 | D:4      | Mangled by a yak

Levels and vault maps discovered:
D:1:      dpeg_arrival_connections, layout_basic, serial_shops, shop, shop,
          nicolae_shop_getting_attention, nicolae_shop_overgrown_old_shop,
          shapermc_ecumenical_altar_hornbeckon
D:2:      layout_basic
D:3:      layout_basic, mainiacjoe_overflow_concentric_impassable,
          gammafunk_ghost_arena
D:4:      layout_cave_pools, riverfiend_overflow_shadow_ancestor, serial_shops,
          nicolae_shop_rolling_square, lightli_corner_chamber

Skill      XL: |  1  2  3  4  5 |
---------------+----------------+-----
Ranged Weapons | 6 7 8 9 |  9.2
Fighting       | 2 |  2.1
Dodging        | |  2.4
Stealth        | |  1.2

Action                     |  1- 3 |  4- 6 || total
---------------------------+-------+-------++-------
   Fire: Shortbow          |    94 |    97 ||   191
    Use: Scroll            |     4 |     3 ||     7
 Armour: Leather armour    |    14 |       ||    14
         Ring mail         |     2 |    11 ||    13
  Dodge: Dodged            |    12 |    17 ||    29

Table legend:
 A = Non-vault XP
 B = Vault XP
 C = Vault XP percentage of total XP
 D = Non-vault monster count
 E = Vault monster count
 F = Vault count percentage of total count
                 A         B        C        D         E       F
            +---------+---------+-------+---------+---------+-------
      Total |     389 |       0 |   0.0 |      80 |       0 |   0.0
            +---------+---------+-------+---------+---------+-------
        D:1 |      52 |       0 |   0.0 |      30 |       0 |   0.0
        D:2 |      63 |       0 |   0.0 |      21 |       0 |   0.0
        D:3 |      50 |       0 |   0.0 |      20 |       0 |   0.0
        D:4 |     224 |       0 |   0.0 |       9 |       0 |   0.0
            +---------+---------+-------+---------+---------+-------
